 Dungeon Sprint DCSS version 0.24.1-14-gf8d2b509d9 (webtiles) character file.

Game seed: 16217405570585043483, levelgen mode: deterministic

56314 Baz the Wrestler (level 14, -7/172 HPs)
             Began as a Troll Berserker on Oct 3, 2020.
             Was a High Priest of Trog.
             Mangled by an Ice Fiend (30 damage)
             ... in the Dungeon (Sprint II: "The Violet Keep of Menkaure").
             The game lasted 00:23:50 (3237 turns).

Baz the Wrestler (Troll Berserker)                  Turns: 3237, Time: 00:23:51

Health: -7/172     AC:  9    Str: 31    XL:     14   Next: 41%
Magic:  13/13      EV: 17    Int:  2    God:    Trog [*****.]
Gold:   2535       SH:  0    Dex: 14    Spells: 13/13 levels left

rFire    . . .     SeeInvis +     - Unarmed
rCold    . . .     Gourm    +   (no shield)
rNeg     . . .     Faith    .   v - +1 robe of the Alphagorgon {-Cast Str+3 Dex+2 SInv}
rPois    +         Spirit   .   x - +2 hat
rElec    .         Reflect  .   (no cloak)
rCorr    .         Harm     .   (gloves unavailable)
MR       +++..     NoTele   +   (boots unavailable) Stlth +.........NoCast +
                                i - amulet of the acrobat
HPRegen  1.78/turn              j - +4 ring of slaying
MPRegen  0.13/turn              m - +3 ring of evasion

@: regenerating
A: large, unfitting armour, claws 3, blink, blurry vision 1, dopey 1, fast
metabolism 3, gourmand, poison resistance, regeneration 1, shaggy fur 1, tough
skin 3
0: Orb of Zot
a: Blink, Berserk, Trog's Hand, Brothers in Arms, Renounce Religion


You were in the Dungeon.
You worshipped Trog.
Trog was extremely pleased with you.
You were not hungry.

You visited 1 branch You collected 4636 gold pieces.
You spent 2101 gold pieces at shops.

Inventory:

Missiles
 o - 42 poisoned darts (quivered)
Armour
 a - a +0 animal skin
 v - the +1 robe of the Alphagorgon (worn) {-Cast Str+3 Dex+2 SInv}
   (You bought it in a shop in the Dungeon)

   It affects your strength (+3).
   It affects your dexterity (+2).
   It lets you see invisible.
   It prevents spellcasting.
 w - a +0 shield
 x - a +2 hat (worn)
 B - quicksilver dragon scales
Jewellery
 i - an amulet of the acrobat (around neck)
 j - a +4 ring of slaying (left claw)
 m - a +3 ring of evasion (right claw)
 y - an uncursed ring of poison resistance
Scrolls
 k - 3 scrolls of remove curse
 l - 3 scrolls of fog
 n - a scroll of amnesia
 q - 3 scrolls of immolation
 z - 2 scrolls of magic mapping
Potions
 c - 2 potions of curing
 d - a potion of cancellation
 e - 5 potions of haste
 f - 6 potions of magic
 g - a potion of berserk rage
 h - 27 potions of mutation {unknown}
 p - a potion of agility
 r - 5 potions of resistance
 s - a potion of might {unknown}
 t - a potion of ambrosia {unknown}
 u - 7 potions of flight
Comestibles
 b - 5 rations


   Skills:
 + Level 19.4 Fighting
 + Level 5.1 Armour
 - Level 8.1 Dodging
 - Level 11.0 Shields
 + Level 22.3 Unarmed Combat


You had 13 spell levels left.
You didn't know any spells.
Your spell library was empty.

Dungeon Overview and Level Annotations

Branches:
Dungeon (1/1)

Altars:
Cheibriados
Dithmenos
Elyvilon
Fedhas
Gozag
Hepliaklqana
Kikubaaqudgha
Makhleb
Nemelex Xobeh
Okawaru
Qazlal
Ru
Sif Muna
Trog
Uskayaw
Vehumet
Wu Jian
Xom
Yredelemnul
Zin
The Shining One
Beogh
Jiyva
Lugonu

Shops:
D %[:}[*:=:*?[?!(==%*[?(}=([!*

Annotations:
D exclusions: obsidian statue, oklob plant and orange crystal statue


Innate Abilities, Weirdness & Mutations

You are too large for most types of armour.
You have claws for hands.
Your metabolism is lightning-fast.
You like to eat raw meat.
Your natural rate of healing is unusually fast.
You are covered in fur. (AC +1)
You have extremely tough skin. (AC +3)
You can translocate small distances at will.
Scrolls take you a little longer to read.
You are dopey. (Int -2)
Your system is resistant to poisons. (rPois)


Message History

The Ice Fiend freezes you!!!
Unknown command.
Unknown command.
You barely miss the Ice Fiend. You claw the Ice Fiend!
The Ice Fiend is lightly wounded.
Unknown command.
Unknown command.
Your troll goes berserk!
You feel somewhat more hungry. The Ice Fiend gestures at you.
The bolt of cold hits you!!
* * * LOW HITPOINT WARNING * * *
Unknown command.
Unknown command.
You mangle the Ice Fiend!!
The Ice Fiend is heavily wounded.
The Ice Fiend claws you.
* * * LOW HITPOINT WARNING * * *
The Ice Fiend freezes you!!
You die...

##### }[.:#
******▓▓▓▓▓▓▓▓▓▓▓▓▓▓▓▓▓▓▓▓▓
.|"}##▓,,,,,+...@.T♣♣.....♣♣.....
.)....▓,,,,,▓...▓1♣♣..♣)..♣♣...♣.
.)....▓,,,,,▓.▓▓▓^♣♣..♣♣^.♣♣..♣♣.
.(.)#'▓▓*,,,▓...▓.♣♣..♣♣..♣...♣♣.
..((#..▓▓▓+▓▓▓▓C▓.♣...♣♣......♣♣.
#'(##...+°○.▓...▓.....▓▓▓▓▓▓▓▓▓▓'
≈§(.###.#.°.▓▓▓▓▓▓▓▓▓▓▓▓▓▓▓▓▓....
≈.§(.(#.#...▓≈≈≈≈≈≈§§▓▓▓....▓.'''
##..(.#.##)"▓▓▓▓▓▓▓▓▓▓▓▓'▓▓^▓.'≈.


You could see an Ice Fiend and a friendly troll (berserk).

Vanquished Creatures
  A hellephant (D)
  An electric golem (D)
  A deep elf blademaster (D)
  2 quicksilver dragons (D)
  A kraken (D)
  2 sphinxes (D)
  A draconian shifter (D)
  3 lorocyprocas (D)
  A fire dragon (D)
  An ice dragon (D)
  A great orb of eyes (D)
  An iron elemental (D)
  A death yak (D)
  Sonja (D)
  A death drake (D)
  A glowing orange brain (D)
  A harpy (D)
  4 shining eyes (D)
  An eye of devastation (D)
  A merfolk siren (D)
  2 spiny frogs (D)
  A yaktaur (D)
  5 polar bears (D)
  A hornet (D)
  A blink frog (D)
  3 hippogriffs (D)
  5 flying skulls (D)
  2 yaks (D)
  Menkaure (D)
  4 floating eyes (D)
  A black bear (D)
  5 necrophages (D)
  3 crocodiles (D)
  An iron imp (D)
  4 worker ants (D)
  3 worms (D)
  4 tentacles (D)
73 creatures vanquished.

Vanquished Creatures (collateral kills)
  A quicksilver dragon (D)
  Murray (D)
  Kirke (D)
  A crystal guardian (D)
  A yaktaur captain (D)
  A centaur warrior (D)
  An iron golem (D)
  A skeletal warrior (D)
  A death drake (D)
  2 deep trolls (D)
  3 manticores (D)
  11 shining eyes (D)
  A toenail golem (D)
  A flying skull (D)
  2 redbacks (D)
  A yak (D)
  2 wyverns (D)
  6 floating eyes (D)
  2 swamp drakes (D)
  2 black bears (D)
  2 earth elementals (D)
  A ballistomycete spore (D)
45 creatures vanquished.

Vanquished Creatures (others)
  An elephant (D)
  A kobold demonologist (D)
  A crocodile (D)
  A ballistomycete spore (D)
  4 tentacles (D)
8 creatures vanquished.

Grand Total: 126 creatures vanquished

Notes
Turn   | Place    | Note
-------+----------+-------------------------------------------
     0 | D        | Baz the Troll Berserker began the quest for the Orb.
     0 | D        | Reached XP level 1. HP: 22/22 MP: 0/0
     1 | D        | Noticed a merfolk siren
    12 | D        | Killed a merfolk siren
    12 | D        | Reached skill level 9 in Unarmed Combat
    12 | D        | Reached XP level 2. HP: 41/41 MP: 1/1
    12 | D        | Reached XP level 3. HP: 48/48 MP: 2/2
    12 | D        | Reached XP level 4. HP: 57/57 MP: 3/3
    12 | D        | Reached XP level 5. HP: 63/63 MP: 4/4
    12 | D        | Reached XP level 6. HP: 72/72 MP: 5/5
    19 | D        | Noticed an ice statue
    21 | D        | Noticed Menkaure
    24 | D        | Killed Menkaure
    24 | D        | Reached ** piety under Trog
    24 | D        | Reached skill level 10 in Unarmed Combat
    25 | D        | Found Bireni's General Store.
    26 | D        | Found Tyep's Antique Armour Shoppe.
    97 | D        | Reached skill level 11 in Unarmed Combat
    97 | D        | Reached XP level 7. HP: 82/82 MP: 6/6
    99 | D        | Reached *** piety under Trog
   107 | D        | Reached skill level 10 in Fighting
   180 | D        | Reached skill level 12 in Unarmed Combat
   186 | D        | Reached **** piety under Trog
   219 | D        | Found Umouk's Distillery.
   220 | D        | Found Kebbyuze's Antique Armour Shoppe.
   220 | D        | Found Iloar's Assorted Antiques.
   220 | D        | Found Tiett's Magic Scroll Shoppe.
   220 | D        | Found Lealodelo's Food Shoppe.
   220 | D        | Found Hoyguh's Jewellery Shoppe.
   220 | D        | Found Byips's Antique Armour Emporium.
   220 | D        | Found Kulefove's Jewellery Emporium.
   220 | D        | Found Venaotz's Gadget Emporium.
   225 | D        | Reached ***** piety under Trog
   229 | D        | Found Daipunk's Book Shoppe.
   229 | D        | Found Qoqa's Jewellery Emporium.
   230 | D        | Found Hoigon's Antique Weapon Shoppe.
   230 | D        | Found Ofaus's Distillery.
   230 | D        | Noticed a hell hog
   231 | D        | Noticed a hell hog
   231 | D        | Noticed an oklob plant
   232 | D        | Found Idaxamof's Book Shoppe.
   236 | D        | Noticed a slime creature
   236 | D        | Noticed a slime creature
   237 | D        | Bought a scroll of identify for 26 gold pieces
   253 | D        | Bought a +4 ring of slaying for 780 gold pieces
   276 | D        | Found a glowing silver altar of Zin.
   276 | D        | Found a radiant altar of Vehumet.
   277 | D        | Found a glowing golden altar of the Shining One.
   277 | D        | Found a basalt altar of Yredelemnul.
   277 | D        | Found a hide-covered altar of Uskayaw.
   278 | D        | Found a shimmering altar of Xom.
   278 | D        | Found a bloodstained altar of Trog.
   278 | D        | Found a burning altar of Makhleb.
   279 | D        | Found an ornate altar of the Wu Jian Council.
   279 | D        | Found a shimmering blue altar of Sif Muna.
   279 | D        | Found a corrupted altar of Lugonu.
   280 | D        | Found a sacrificial altar of Ru.
   280 | D        | Found an ancient bone altar of Kikubaaqudgha.
   280 | D        | Found a white marble altar of Elyvilon.
   281 | D        | Found a stormy altar of Qazlal.
   281 | D        | Found a viscous altar of Jiyva.
   281 | D        | Found a shadowy altar of Dithmenos.
   282 | D        | Found a hazy altar of Hepliaklqana.
   282 | D        | Found a snail-covered altar of Cheibriados.
   283 | D        | Found a roughly hewn altar of Beogh.
   291 | D        | Noticed a kraken
   310 | D        | Killed a kraken
   310 | D        | Reached skill level 14 in Unarmed Combat
   310 | D        | Reached XP level 8. HP: 59/100 MP: 7/7
   310 | D        | Reached XP level 9. HP: 64/108 MP: 8/8
   439 | D        | Reached skill level 5 in Dodging
   439 | D        | Reached XP level 10. HP: 117/117 MP: 9/9
   455 | D        | Found a blossoming altar of Fedhas.
   460 | D        | Found an opulent altar of Gozag.
   490 | D        | Reached skill level 15 in Unarmed Combat
   531 | D        | Noticed a deep troll
   531 | D        | Noticed a deep troll
   547 | D        | Killed a deep troll
   550 | D        | Killed a deep troll
   716 | D        | Noticed a sphinx
   716 | D        | Noticed a sphinx
   722 | D        | Killed a sphinx
   722 | D        | Reached skill level 16 in Unarmed Combat
   727 | D        | Killed a sphinx
   727 | D        | Reached skill level 17 in Unarmed Combat
   727 | D        | Reached XP level 11. HP: 85/131 MP: 10/10
   832 | D        | Received a gift from Trog
   832 | D        | Reached skill level 15 in Fighting
   843 | D        | Received a gift from Trog
   862 | D        | Noticed a death drake
   869 | D        | Killed a death drake
   870 | D        | Noticed a death drake
   872 | D        | Noticed a crystal guardian
   873 | D        | Killed a death drake
   873 | D        | Reached skill level 18 in Unarmed Combat
   878 | D        | Killed a crystal guardian
  1036 | D        | Noticed a death yak
  1041 | D        | Killed a death yak
  1075 | D        | Noticed a fire dragon
  1080 | D        | Killed a fire dragon
  1158 | D        | Noticed a deep elf master archer
  1184 | D        | Noticed Kirke
  1184 | D        | Noticed a yaktaur captain
  1184 | D        | Noticed a skeletal warrior
  1185 | D        | Noticed a centaur warrior
  1186 | D        | Noticed a shining eye
  1196 | D        | Killed a skeletal warrior
  1198 | D        | Killed a yaktaur captain
  1199 | D        | Killed Kirke
  1201 | D        | Killed a centaur warrior
  1201 | D        | Received a gift from Trog
  1244 | D        | Noticed a shining eye
  1256 | D        | Killed a shining eye
  1259 | D        | Noticed a shining eye
  1273 | D        | Killed a shining eye
  1273 | D        | Reached skill level 19 in Unarmed Combat
  1283 | D        | Killed a shining eye
  1297 | D        | Reached XP level 12. HP: 146/146 MP: 11/11
  1324 | D        | Bought a scroll of identify for 26 gold pieces
  1324 | D        | Bought a scroll of identify for 26 gold pieces
  1324 | D        | Bought a scroll of identify for 26 gold pieces
  1335 | D        | Bought a potion of cancellation for 88 gold pieces
  1347 | D        | Bought an uncursed amulet of the acrobat for 390 gold
                  | pieces
  1347 | D        | Bought a +3 ring of evasion for 273 gold pieces
  1448 | D        | Received a gift from Trog
  1467 | D        | Found Wosmon's Food Emporium.
  1467 | D        | Found Xugh's Gadget Shop.
  1467 | D        | Found Sefyrph's Antique Armour Shop.
  1467 | D        | Found Mamui's Armour Shoppe.
  1467 | D        | Found Ririr's Book Boutique.
  1468 | D        | Found Gibbaghunoch's General Store.
  1468 | D        | Found Xaubig's General Store.
  1468 | D        | Found Iphiduuv's Antique Weapon Emporium.
  1468 | D        | Found Teocseat's Magic Scroll Shop.
  1468 | D        | Found Putu's Magic Scroll Emporium.
  1468 | D        | Found Ykoun's Jewellery Shop.
  1468 | D        | Found Vaetaist's Antique Weapon Shoppe.
  1493 | D        | Bought a scroll of magic mapping for 49 gold pieces
  1505 | D        | Bought a silken robe for 108 gold pieces
  1505 | D        | Bought a shield for 85 gold pieces
  1507 | D        | Bought a +2 hat for 224 gold pieces
  1522 | D        | Identified the +1 robe of the Alphagorgon {-Cast Str+3
                  | Dex+2 SInv} (You bought it in a shop in the Dungeon)
  1608 | D        | Noticed an ice dragon
  1615 | D        | Killed an ice dragon
  1668 | D        | Noticed an iron elemental
  1668 | D        | Noticed a great orb of eyes
  1677 | D        | Received a gift from Trog
  1694 | D        | Killed an iron elemental
  1695 | D        | Killed a great orb of eyes
  1880 | D        | Received a gift from Trog
  1931 | D        | Reached skill level 5 in Shields
  1931 | D        | Reached XP level 13. HP: 156/156 MP: 12/12
  1935 | D        | Noticed an electric golem
  1947 | D        | HP: 3/156 [electric golem (17)]
  1948 | D        | Killed an electric golem
  1948 | D        | Reached skill level 20 in Unarmed Combat
  2279 | D        | Found a sparkling altar of Nemelex Xobeh.
  2280 | D        | Found an iron altar of Okawaru.
  2343 | D        | Noticed Sonja
  2343 | D        | Noticed a hellephant
  2359 | D        | Received a gift from Trog
  2375 | D        | Killed a hellephant
  2522 | D        | Noticed a purple draconian shifter
  2526 | D        | Killed Sonja
  2532 | D        | Killed a purple draconian shifter
  2581 | D        | Noticed a deep elf blademaster
  2582 | D        | Received a gift from Trog
  2619 | D        | Killed a deep elf blademaster
  2619 | D        | Reached skill level 21 in Unarmed Combat
  2872 | D        | Gained mutation: Your system is resistant to poisons.
                  | (rPois) [a shining eye]
  2873 | D        | Paralysed by a floating eye for 2 turns
  2876 | D        | Gained mutation: You can translocate small distances at
                  | will. [a shining eye]
  2878 | D        | Paralysed by a floating eye for 4 turns
  2887 | D        | Reached XP level 14. HP: 170/170 MP: 13/13
  2887 | D        | Paralysed by a floating eye for 3 turns
  2888 | D        | Reached ****** piety under Trog
  2890 | D        | Gained mutation: You are dopey. (Int -2) [a shining eye]
  2891 | D        | Received a gift from Trog
  2893 | D        | Reached skill level 10 in Shields
  2906 | D        | Paralysed by a floating eye for 3 turns
  2906 | D        | Gained mutation: Scrolls take you a little longer to read.
                  | [a shining eye]
  2911 | D        | Received a gift from Trog
  2924 | D        | Noticed a quicksilver dragon
  2927 | D        | Noticed a quicksilver dragon
  2929 | D        | Killed a quicksilver dragon
  2971 | D        | Killed a quicksilver dragon
  3063 | D        | Noticed a quicksilver dragon
  3072 | D        | Reached skill level 1 in Armour
  3095 | D        | Killed a quicksilver dragon
  3095 | D        | Received a gift from Trog
  3095 | D        | Reached skill level 22 in Unarmed Combat
  3215 | D        | Noticed Murray
  3218 | D        | Got the Orb of Zot
  3226 | D        | Killed Murray
  3226 | D        | Reached skill level 5 in Armour
  3231 | D        | Noticed an Ice Fiend
  3237 | D        | Mangled by an Ice Fiend

Levels and vault maps discovered:
D:        the_violet_keep_of_menkaure [sprint2_stairs_cluster_1,
          sprint2_shoproom, sprint2_temple, sprint2_basic_supplies,
          sprint2_obstacle_7, sprint2_obstacle_3, sprint2_obstacle_2,
          sprint2_obstacle_1, sprint2_obstacle_4, sprint2_timed_cluster_1,
          sprint2_smallroom_cluster_1, sprint2_smallroom_final_cluster_1,
          sprint2_transparent_cluster_1, sprint2_second_timed_cluster_1,
          sprint2_sniper_area_1, sprint2_heavy_combat_area_1,
          sprint2_mutation_trap_area_1, sprint2_forest_area_1,
          sprint2_light_combat_area_1, sprint2_behind_water_1,
          sprint2_near_end_vault_1]

Skill      XL: |  1  2  3  4  5  6  7  8  9 10 11 12 13 14 |
---------------+-------------------------------------------+-----
Fighting       | 8 9 12 14 16 17 18 19 | 19.4
Unarmed Combat | 9 11 14 17 19 21 22 | 22.3
Dodging        | 5 7 8 |  8.1
Shields        | 5 9 11 | 11.0
Armour         | 5 |  5.1

Action                   |  1- 3 |  4- 6 |  7- 9 | 10-12 | 13-15 || total
-------------------------+-------+-------+-------+-------+-------++-------
Melee: Unarmed           |    10 |    11 |    42 |    80 |    73 ||   216
       Punch             |       |     1 |     2 |     8 |    11 ||    22
Invok: Berserk           |       |     2 |     1 |     5 |     2 ||    10
       Brothers in Arms  |       |       |       |     8 |     8 ||    16
       Trog's Hand       |       |       |       |     5 |     5 ||    10
  Use: Scroll            |       |       |     6 |     7 |     1 ||    14
       Potion            |       |       |     1 |     3 |     3 ||     7
  Eat: Chunk             |       |     1 |     7 |    24 |     9 ||    41
       Ration            |       |       |       |       |     2 ||     2
Armor: Animal skin       |       |     5 |     4 |    20 |       ||    29
       Robe              |       |       |       |     3 |    17 ||    20
Dodge: Dodged            |       |     6 |     9 |    66 |    51 ||   132
